 Dungeon Crawl Stone Soup version 0.29.0-4-gdea44cf6ec (webtiles) character file.

Game seed: 1024052523807795188

168 qw the Chopper (level 5, -3/69 HPs)
             Began as a Minotaur Berserker on Sept 5, 2022.
             Was a Believer of Trog.
             Slain by an orc
             ... wielding a +0 morningstar
              (5 damage)
             ... on level 3 of the Dungeon.
             The game lasted 00:00:56 (2863 turns).

qw the Chopper (Minotaur Berserker)                 Turns: 2863, Time: 00:00:56

Health: -3/69      AC:  9    Str: 24    XL:     5   Next: 23%
Magic:  4/4        EV: 11    Int:  4    God:    Trog [**....]
Gold:   156        SH:  0    Dex:  9    Spells: 4/4 levels left

rFire   . . .      SeeInvis +   Y - +2 hand axe
rCold   . . .      Faith    .   (no shield)
rNeg    . . .      Spirit   .   c - +0 ring mail
rPois   +          Reflect  .   (helmet restricted)
rElec   .          Harm     .   (no cloak)
rCorr   .          Rampage  .   a - +3 pair of gloves of Watchfulness {rPois SInv}
Will    .....                   (no boots)
Stlth   ..........              (no amulet)
HPRegen 0.21/turn               (no ring)
MPRegen 0.09/turn               (no ring)

@: berserking, very quick
A: horns 2, retaliatory headbutt
a: Renounce Religion, Berserk, Trog's Hand


You were on level 3 of the Dungeon.
You worshipped Trog.
Trog was pleased with you.
You visited 1 branch of the dungeon, and saw 3 of its levels.

You collected 156 gold pieces.


Innate Abilities, Weirdness & Mutations

You have a pair of horns on your head.
You reflexively headbutt those who attack you in melee.


   Skills:
 + Level 3.6 Fighting
 - Level 7.2 Axes
 - Level 2.4 Armour
 - Level 2.1 Dodging


You had 4 spell levels left.
You didn't know any spells.
Your spell library was empty.

Inventory:

Hand Weapons
 h - a +0 flail
 Y - a +2 hand axe (weapon)
Armour
 a - the +3 pair of gloves of Watchfulness (worn) {rPois SInv}
   (You acquired it on level 1 of the Dungeon)

   rPois:     It protects you from poison.
   SInv:      It lets you see invisible.
 c - a +0 ring mail (worn)
Jewellery
 f - a ring of poison resistance
Scrolls
 e - 3 scrolls of identify
 g - a scroll of summoning {unknown}
Potions
 b - 3 potions of heal wounds {unknown}
 d - a potion of curing

Dungeon Overview and Level Annotations

Branches:
Dungeon (3/15)

Altars:

Shops:
D:1 !


Message History

You slash the orc!
You kill the orc!
Trog accepts your kill.
The orc priest mumbles some strange prayers to Beogh against you.
Beogh smites you!
An orc comes into view. It is wielding a +2 vorpal war axe.
The orc shouts!
The orc priest begins to cast a cantrip, but forgets the words!
Things that are here:
a +0 flail; a +0 leather armour; an orc corpse An orc comes into view.
It is wielding a +0 mace.
The orc shouts!
The orc priest mumbles some strange prayers to Beogh against you.
Pain shoots through your body!
2854 ||| INVOKING Berserk.
A red film seems to cover your vision as you go berserk!
You feel yourself moving faster!
You feel mighty!
You barely miss the orc priest.
The orc priest invokes the aid of Beogh against you.
Pain shoots through your body!
You barely miss the orc priest. You headbutt the orc priest.
The orc priest is moderately wounded.
The orc priest barely misses you.
You slash the orc priest!
You kill the orc priest!
Trog accepts your kill.
Your life force feels restored.
Your Axes skill increases to level 7!
You have reached level 5!
The orc hits you but does no damage.
You see here a +0 club.
You barely miss the orc. You barely miss the orc. The orc barely misses you.
You barely miss the orc.
The orc hits you with a +2 vorpal war axe!
You slash the orc!
You kill the orc!
Trog accepts your kill. The orc hits you with a +0 morningstar.
You die...

:. ....
###....
###
....#
..#
....#
#.#
....#
#.#
....#
#o#
....#
#o#
....#
#@#
....#
#)#
....#
#.#
....#
#)#
....#
#.#
....#
#.#
#####
#.# #.#
######
#.#


You could see 2 orcs.

Vanquished Creatures
  An orc priest (D:3)
  A jelly (D:3)
  3 gnolls (D:2)
  An adder (D:2)
  4 worms
  2 dart slugs (D:1)
  6 orcs (D:3)
  8 endoplasms
  3 giant cockroaches (D:1)
  2 goblins
  4 hobgoblins
  A quokka (D:2)
  4 ball pythons
  A bat (D:1)
  3 frilled lizards
  6 kobolds
  5 rats (D:1)
55 creatures vanquished.

Vanquished Creatures (others)
  3 fungi (D:1)
  A plant (D:1)
4 creatures vanquished.

Grand Total: 59 creatures vanquished

Notes
Turn   | Place    | Note
-------+----------+-------------------------------------------
     0 | D:1      | qw the Minotaur Berserker began the quest for the Orb.
     0 | D:1      | Reached XP level 1. HP: 19/19 MP: 0/0
     0 | D:1      | 0 ||| qw: Version: 0.1-a-104-g96f76f8
     0 | D:1      | 0 ||| qw: Game counter: 5963
     0 | D:1      | 0 ||| qw: Always use a shield: true
     0 | D:1      | 0 ||| qw: Do Orc after D:15 true
     0 | D:1      | 0 ||| qw: Do second Lair branch before Depths: true
     0 | D:1      | 0 ||| qw: Lair rune preference: random
     0 | D:1      | 0 ||| qw: Plans: Normal
     0 | D:1      | 0 ||| PLANNING D:1-11
    42 | D:1      | 42 ||| Stepping ~*~*~tactically~*~*~ (hiding).
    47 | D:1      | Reached skill level 4 in Axes
    96 | D:1      | Reached XP level 2. HP: 26/26 MP: 1/1
   282 | D:1      | Found a faded altar of an unknown god.
   342 | D:1      | 342 ||| DROPPING +0 club.
   459 | D:1      | 459 ||| DROPPING +0 whip.
   504 | D:1      | 504 ||| Stepping ~*~*~tactically~*~*~ (stealth).
   565 | D:1      | 565 ||| INVOKING Berserk.
   567 | D:1      | Reached skill level 5 in Axes
   708 | D:1      | Found Yjueh's Distillery.
   716 | D:1      | 716 ||| SHOPLISTING 2 potions of curing (60 gold, have 25).
   716 | D:1      | 716 ||| SHOPLISTING 2 potions of might (80 gold, have 25).
   716 | D:1      | 716 ||| SHOPLISTING potion of curing (30 gold, have 25).
   716 | D:1      | 716 ||| SHOPLISTING potion of haste (100 gold, have 25).
   716 | D:1      | 716 ||| SHOPLISTING potion of heal wounds (50 gold, have
                  | 25).
   830 | D:1      | Reached XP level 3. HP: 31/31 MP: 2/2
   844 | D:1      | Reached ** piety under Trog
   969 | D:1      | 969 ||| READING scroll labelled LEACKE YSMILL.
   970 | D:1      | 970 ||| READING scroll labelled DEUFADWEGGE.
   971 | D:1      | 971 ||| READING scroll labelled XYRUIR GIFIA.
   971 | D:1      | Identified a scroll of acquirement
   971 | D:1      | 971 ||| ACQUIRING +3 pair of gloves of Watchfulness {rPois
                  | SInv}
   971 | D:1      | Acquired the +3 pair of gloves of Watchfulness {rPois SInv}
   973 | D:1      | 973 ||| UPGRADING to +3 pair of gloves of Watchfulness
                  | {rPois SInv}.
  1023 | D:2      | 1023 ||| Stepping ~*~*~tactically~*~*~ (stealth).
  1036 | D:2      | 1036 ||| Stepping ~*~*~tactically~*~*~ (stealth).
  1037 | D:2      | 1037 ||| Stepping ~*~*~tactically~*~*~ (stealth).
  1043 | D:2      | 1043 ||| Stepping ~*~*~tactically~*~*~ (stealth).
  1045 | D:2      | 1045 ||| Stepping ~*~*~tactically~*~*~ (stealth).
  1249 | D:2      | 1249 ||| INVOKING Berserk.
  1372 | D:2      | 1372 ||| READING scroll of enchant weapon.
  1372 | D:2      | 1372 ||| ENCHANTING +1 hand axe.
  1453 | D:2      | 1453 ||| Stepping ~*~*~tactically~*~*~ (hiding).
  1456 | D:2      | 1456 ||| INVOKING Berserk.
  1466 | D:2      | Reached skill level 6 in Axes
  1466 | D:2      | Reached XP level 4. HP: 15/39 MP: 3/3
  1466 | D:2      | HP: 14/58 [poisoned by a gnoll]
  1469 | D:2      | HP: 6/39 [poisoned by a gnoll]
  2164 | D:2      | 2164 ||| UPGRADING to +0 ring mail.
  2174 | D:2      | 2174 ||| DROPPING +0 animal skin.
  2175 | D:2      | 2175 ||| DROPPING amulet of magic regeneration.
  2176 | D:2      | 2176 ||| DRINKING 2 red potions.
  2177 | D:2      | 2177 ||| READING 2 scrolls of identify.
  2177 | D:2      | 2177 ||| IDENTIFYING fizzy ruby potion
  2178 | D:2      | 2178 ||| DROPPING potion of ambrosia.
  2239 | D:3      | 2239 ||| INVOKING Berserk.
  2854 | D:3      | 2854 ||| INVOKING Berserk.
  2855 | D:3      | HP: 11/57 [orc priest/nerve-wracking pain (6)]
  2858 | D:3      | Reached skill level 7 in Axes
  2858 | D:3      | Reached XP level 5. HP: 13/45 MP: 4/4
  2861 | D:3      | HP: 5/67 [orc/+2 vorpal war axe (8)]
  2861 | D:3      | HP: 2/67 [orc/+2 vorpal war axe (3)]
  2863 | D:3      | Slain by an orc

Levels and vault maps discovered:
D:1:      psy_arrival_basics, layout_loops_ring,
          shapermc_ecumenical_altar_rom_forum, serial_shops, shop,
          nicolae_wormholes
D:2:      layout_loops_corners
D:3:      layout_basic

Skill      XL: |  1  2  3  4 |
---------------+-------------+-----
Axes           | 4 5 6 7 |  7.2
Fighting       | |  3.6
Armour         | |  2.4
Dodging        | |  2.1

Action                   |  1- 3 |  4- 6 || total
-------------------------+-------+-------++-------
Melee: Hand axe          |    66 |    42 ||   108
       Headbutt          |    10 |     5 ||    15
       Punch             |     2 |       ||     2
Invok: Berserk           |     3 |     2 ||     5
  Use: Scroll            |     4 |     1 ||     5
       Potion            |       |     1 ||     1
Armor: Animal skin       |    10 |       ||    10
       Ring mail         |       |    10 ||    10
Dodge: Dodged            |    25 |    14 ||    39

Table legend:
 A = Non-vault XP
 B = Vault XP
 C = Vault XP percentage of total XP
 D = Non-vault monster count
 E = Vault monster count
 F = Vault count percentage of total count
                 A         B        C        D         E       F
            +---------+---------+-------+---------+---------+-------
      Total |     235 |       5 |   2.1 |      54 |       1 |   1.8
            +---------+---------+-------+---------+---------+-------
        D:1 |      41 |       5 |  10.9 |      24 |       1 |   4.0
        D:2 |      73 |       0 |   0.0 |      14 |       0 |   0.0
        D:3 |     121 |       0 |   0.0 |      16 |       0 |   0.0
            +---------+---------+-------+---------+---------+-------
